Map: [ESL] Pride of Altaris

Players

Maru - Winner!

  • Race: Terran Terran

Dream

  • Race: Terran Terran

Event: IEM Katowice 2022

VOD

Have the link to the VOD?

Description

Time

  • Played on: Feb. 26, 2022, 9:28 a.m.
  • Length: 21:28

All games in this series

Show
View Real Time Build Order
Export as new Build Order

Maru Terran - Winner!

Build Orders:  

Get SALT Encoding   

  12  0:00  SCV  
  13  0:12  SCV  
  14  0:16  Supply Depot  
  14  0:24  SCV  
  15  0:38  SCV  
  15  0:39  Barracks  
  15  0:42  Refinery  
  16  0:50  SCV  
  16  0:52  Refinery  
  17  1:02  SCV  
  18  1:14  SCV  
  19  1:27  Reaper  
  19  1:28  Orbital Command  
  20  1:34  Supply Depot  
  20  1:42  Factory  
  20  1:53  SCV  
  21  2:00  Barracks Reactor  
  21  2:05  SCV  
  22  2:18  SCV  
  22  2:21  Command Center  
  23  2:26  Hellion  
  25  2:30  SCV  
  25  2:36  Reaper x2  
  28  2:39  Supply Depot  
  28  2:42  SCV  
  29  2:50  Starport  
  29  2:56  Hellion  
  31  3:01  SCV  
  32  3:08  Reaper x2  
  34  3:16  SCV  
  34  3:17  Hellion  
  37  3:21  Refinery  
  37  3:26  Medivac  
  39  3:33  SCV, Orbital Command  
  40  3:39  Hellion  
  42  3:41  Marine x2  
  42  3:45  SCV  
  45  3:51  Supply Depot  
  45  3:57  SCV  
  45  3:58  Starport Tech Lab  
  45  4:00  Marine x2  
  45  4:02  Factory Tech Lab  
  48  4:03  SCV  
  48  4:09  SCV  
  50  4:15  SCV  
  50  4:17  Raven  
  51  4:20  Cyclone  
  51  4:21  SCV  
  57  4:25  Supply Depot  
  57  4:27  SCV  
  57  4:28  Marine  
  59  4:35  SCV  
  59  4:37  Marine  
  61  4:39  SCV  
  51  4:47  SCV  
  51  4:51  SCV  
  51  4:52  Siege Tank  
  52  4:58  Marine  
  52  4:59  SCV, Raven, Marine  
  55  5:04  SCV  
  55  5:06  Command Center  
  58  5:11  SCV  
  58  5:12  Supply Depot  
  59  5:16  SCV, Marine x2  
  62  5:23  SCV  
  62  5:24  Siege Tank  
  62  5:27  Refinery  
  65  5:30  SCV  
  66  5:36  SCV  
  67  5:45  SCV  
  68  5:53  SCV  
  68  5:56  Siege Tank  
  72  6:01  Viking x2  
  72  6:03  Supply Depot  
  76  6:05  Supply Depot  
  76  6:18  SCV x2  
  78  6:23  Marine, Stimpack  
  78  6:24  Orbital Command  
  79  6:26  Supply Depot  
  79  6:28  Barracks x2  
  79  6:31  Viking  
  81  6:34  SCV  
  81  6:39  SCV  
  82  6:44  Refinery  
  82  6:46  SCV, Engineering Bay  
  83  6:47  Engineering Bay  
  83  6:51  SCV  
  83  6:53  Siege Tank  
  87  6:54  Orbital Command  
  87  6:58  SCV  
  88  7:03  SCV  
  89  7:10  SCV  
  89  7:11  Viking x2  
  89  7:12  Marine  
  95  7:15  SCV  
  95  7:22  SCV x2  
  97  7:24  Barracks Reactor  
  97  7:25  Barracks Reactor  
  97  7:27  Terran Infantry Weapons Level 1  
  97  7:28  SCV, Terran Infantry Armor Level 1  
  98  7:34  SCV x2  
  100  7:38  Supply Depot  
  100  7:39  Siege Tank  
  100  7:41  SCV  
  104  7:46  SCV x2  
  104  7:47  Viking  
  108  7:56  Supply Depot x2  
  108  8:00  Viking, Armory  
  108  8:01  SCV  
  108  8:02  Refinery  
  108  8:03  Refinery  
  111  8:05  Marine x2  
  111  8:06  Marine x3  
  111  8:10  SCV  
  117  8:17  SCV, Medivac  
  120  8:28  Command Center  
  120  8:29  Medivac  
  120  8:35  Marine  
  120  8:36  Barracks, SCV  
  120  8:37  SCV x2  
  120  8:38  Barracks  
  120  8:41  Sensor Tower  
  124  8:47  Viking  
  126  8:49  SCV x3  
  126  8:51  Marine, Combat Shield  
  130  8:57  Terran Vehicle Weapons Level 1  
  130  8:59  Viking  
  130  9:01  SCV  
  133  9:05  Supply Depot x2  
  133  9:09  Supply Depot  
  133  9:11  Supply Depot  
  133  9:13  SCV  
  133  9:25  Barracks Reactor x2  
  133  9:26  Marine x2  
  133  9:27  SCV x2, Viking, Marine x2, Siege Tank  
  133  9:29  Viking  
  146  9:32  SCV  
  146  9:34  Marine  
  146  9:37  Factory  
  145  9:39  SCV x2  
  145  9:41  Planetary Fortress  
  145  9:44  SCV, Refinery, Marine x2  
  149  9:46  Refinery  
  149  9:50  Terran Infantry Weapons Level 2  
  149  9:52  Sensor Tower  
  146  9:53  Terran Infantry Armor Level 2  
  146  9:54  Marine  
  146  9:56  SCV x2  
  146  9:57  Viking  
  151  10:00  Supply Depot  
  151  10:02  Marine x2  
  151  10:06  Viking  
  155  10:10  Starport  
  155  10:12  Starport  
  155  10:14  Marine  
  155  10:15  Marine x3  
  155  10:16  SCV x2  
  161  10:25  Barracks Reactor  
  159  10:31  Marine x2  
  161  10:36  Siege Tank  
  161  10:37  Siege Tank  
  167  10:44  Marine x4, Command Center  
  167  10:45  Viking x2  
  167  10:47  Starport Tech Lab  
  167  10:48  Starport Tech Lab  
  167  10:49  Marine x2  
  177  10:55  Command Center  
  177  10:56  Armory, Terran Vehicle Weapons Level 2  
  177  11:01  Marine x2  
  178  11:08  Raven, Siege Tank  
  178  11:09  Raven  
  178  11:10  Marine x3  
  188  11:18  Marine x3  
  179  11:28  Viking x2  
  179  11:29  Marine x4  
  175  11:35  Command Center  
  175  11:40  Corvid Reactor  
  175  11:43  Marine x2  
  175  11:44  Starport x2, Marine x2  
  178  11:52  Terran Vehicle And Ship Armor Level 1  
  178  11:54  Raven  
  178  11:57  Sensor Tower  
  178  11:58  Marine, Medivac  
  178  11:59  Refinery, Marine x4  
  178  12:00  Marine  
  188  12:03  Refinery  
  188  12:06  Planetary Fortress  
  188  12:13  Viking  
  187  12:20  Viking, Command Center  
  189  12:27  Viking  
  182  12:38  Viking x3  
  182  12:43  Viking  
  177  12:47  Marine x2  
  177  12:50  Viking  
  173  12:56  SCV  
  173  12:57  Viking  
  170  12:59  Marine x3  
  173  13:08  Viking, Siege Tank x2  
  173  13:09  Orbital Command  
  185  13:13  Viking  
  187  13:20  Viking  
  187  13:22  Starport Tech Lab, Starport Reactor  
  187  13:23  Terran Ship Weapons Level 1  
  185  13:30  Planetary Fortress  
  185  13:33  Terran Infantry Armor Level 3, Terran Infantry Weapons Level 3  
  185  13:38  Raven  
  187  13:49  Raven  
  187  13:51  Viking, Raven  
  187  13:53  Refinery x2  
  187  13:55  Command Center  
  193  13:58  Terran Vehicle And Ship Armor Level 2  
  193  14:06  Viking x2  
  197  14:12  Command Center  
  197  14:17  Sensor Tower  
  197  14:19  Orbital Command  
  197  14:20  Command Center  
  197  14:21  Raven  
  199  14:42  Sensor Tower  
  199  15:04  Missile Turret  
  199  15:26  Missile Turret  
  183  15:39  Marine, Siege Tank x2  
  184  15:43  Viking x2, Raven x3  
  194  15:56  Command Center  
  191  15:57  Command Center  
  185  16:09  Terran Ship Weapons Level 2  
  185  16:10  Neosteel Armor, Hi-Sec Auto Tracking, Marine x4  
  185  16:11  Marine x2, Siege Tank x2  
  185  16:13  Orbital Command  
  185  16:15  Orbital Command  
  193  16:18  Terran Vehicle And Ship Armor Level 3  
  193  16:19  Command Center  
  193  16:24  Marine x4  
  197  16:27  Marine  
  197  16:28  Marine  
  195  16:37  Viking, Raven x3  
  181  16:43  Siege Tank x2  
  176  16:49  Viking x2  
  174  16:54  Starport x2  
  174  16:58  Viking  
  172  17:02  Marine x2  
  165  17:09  Orbital Command x2  
  165  17:14  Refinery  
  165  17:15  Refinery, Siege Tank  
  165  17:16  Siege Tank  
  165  17:19  Raven  
  165  17:20  Raven x2  
  177  17:25  Viking x3  
  177  17:28  Viking  
  185  17:31  Viking x2  
  189  17:40  Command Center  
  186  17:47  Siege Tank  
  189  17:52  Missile Turret  
  189  17:55  Viking x2  
  190  17:59  Missile Turret  
  190  18:00  Missile Turret, Sensor Tower  
  190  18:01  Viking x3  
  190  18:02  Raven x3  
  194  18:27  Missile Turret x2  
  194  18:28  Marine x5  
  194  18:30  Viking  
  194  18:31  Viking  
  196  18:34  Viking x2  
  196  18:38  Command Center  
  199  18:54  Marine x2  
  186  18:55  Raven x2  
  186  18:56  Starport Tech Lab x2, Raven  
  186  19:00  Marine, Orbital Command, Siege Tank  
  178  19:05  Siege Tank  
  177  19:13  Viking  
  177  19:14  Orbital Command  
  177  19:15  Planetary Fortress  
  177  19:16  Marine x3  
  177  19:17  Marine x4  
  179  19:18  Viking x3  
  184  19:32  Siege Tank  
  184  19:35  Marine  
  184  19:37  Siege Tank  
  191  19:38  Raven x3  
  191  19:40  Raven  
  191  19:41  Marine  
  173  20:02  Viking, Raven, Orbital Command  
  173  20:03  Viking, Marine  
  168  20:21  Raven, Viking x2, Marine x2  
  171  20:32  Raven  
  173  20:41  Siege Tank  
  172  20:51  Marine  
  172  20:52  Medivac x2  
  172  20:53  Marine, Orbital Command  
  172  20:54  Marine x2  
  180  20:58  Marine x3  
  183  21:06  Marine  
  183  21:07  Marine x2  
  183  21:10  Command Center  
Show
View Real Time Build Order
Export as new Build Order

Dream Terran 

Build Orders:  

Get SALT Encoding   

  12  0:00  SCV  
  13  0:12  SCV  
  14  0:16  Supply Depot  
  14  0:24  SCV  
  15  0:38  SCV  
  15  0:39  Barracks  
  16  0:44  Refinery  
  16  0:50  SCV  
  16  0:51  Refinery  
  17  1:02  SCV  
  18  1:14  SCV  
  19  1:26  Reaper, Orbital Command  
  19  1:27  Supply Depot  
  20  1:41  Factory  
  20  1:52  SCV  
  21  1:58  Reaper  
  22  2:04  SCV  
  23  2:16  SCV  
  23  2:19  Command Center  
  24  2:28  SCV, Hellion  
  27  2:31  Barracks Reactor  
  27  2:37  Starport  
  27  2:40  SCV  
  28  2:46  Supply Depot  
  28  2:51  Factory Tech Lab  
  28  2:52  SCV  
  29  3:04  SCV  
  30  3:09  Cyclone  
  30  3:11  Marine x2  
  35  3:14  Starport Tech Lab  
  35  3:16  SCV  
  36  3:20  Refinery  
  36  3:28  SCV  
  36  3:30  Orbital Command  
  37  3:35  Raven  
  37  3:40  Marine x2  
  37  3:41  SCV  
  42  3:49  Supply Depot  
  42  3:53  SCV, Siege Tank  
  46  3:56  SCV  
  46  4:02  Marine x2  
  48  4:05  SCV  
  48  4:09  SCV  
  51  4:11  Supply Depot  
  51  4:16  Supply Depot  
  51  4:17  SCV  
  51  4:20  Raven  
  51  4:21  SCV  
  55  4:29  SCV  
  56  4:33  SCV  
  56  4:34  Siege Tank  
  59  4:40  Marine  
  59  4:42  SCV  
  59  4:45  SCV  
  54  4:48  Marine  
  55  4:55  SCV  
  55  4:56  Refinery  
  55  4:57  SCV  
  57  5:03  Command Center  
  57  5:10  SCV x2  
  57  5:14  Raven  
  60  5:16  Marine x2  
  62  5:22  Supply Depot, SCV x2  
  62  5:27  Siege Tank  
  67  5:34  Marine x2  
  69  5:37  SCV x2  
  71  5:49  SCV x2  
  72  5:59  Siege Tank  
  72  6:01  SCV  
  72  6:02  SCV  
  73  6:13  SCV  
  73  6:14  SCV, Engineering Bay  
  73  6:15  Engineering Bay  
  70  6:22  Viking x2  
  70  6:24  SCV  
  75  6:26  SCV, Marine  
  77  6:33  Siege Tank  
  77  6:34  Stimpack  
  77  6:35  SCV  
  82  6:42  Orbital Command  
  82  6:44  SCV, Terran Infantry Weapons Level 1  
  82  6:46  Marine  
  83  6:47  SCV  
  84  6:56  SCV, Terran Infantry Armor Level 1  
  84  6:59  SCV, Barracks  
  86  7:05  Barracks  
  86  7:08  SCV  
  86  7:11  SCV  
  86  7:14  SCV  
  89  7:20  SCV, Viking x2  
  94  7:23  SCV  
  94  7:26  SCV  
  97  7:32  SCV, Refinery  
  97  7:33  Supply Depot  
  97  7:34  Refinery  
  97  7:35  SCV  
  99  7:38  SCV  
  100  7:44  Supply Depot  
  100  7:45  Supply Depot  
  100  7:46  Supply Depot, SCV  
  100  7:47  Barracks Reactor, SCV  
  100  7:49  Armory  
  101  7:53  Barracks Reactor  
  101  7:55  SCV  
  102  7:59  SCV  
  102  8:00  Viking  
  102  8:02  Viking  
  107  8:05  Siege Tank  
  107  8:06  SCV  
  107  8:07  SCV  
  107  8:12  Marine  
  112  8:18  SCV x2  
  114  8:23  SCV  
  114  8:24  Marine x2  
  115  8:30  SCV, Viking  
  115  8:31  SCV, Combat Shield  
  115  8:32  Viking, Marine x3  
  124  8:35  Supply Depot  
  124  8:37  SCV  
  124  8:40  Siege Tank  
  128  8:42  Supply Depot  
  128  8:43  Supply Depot  
  128  8:46  Marine  
  129  8:48  Marine  
  129  8:49  Terran Infantry Weapons Level 2  
  131  8:56  Terran Infantry Armor Level 2  
  131  8:57  Terran Vehicle Weapons Level 1  
  131  8:58  Supply Depot  
  131  8:59  Marine  
  131  9:00  Marine  
  131  9:01  Marine  
  133  9:03  Medivac  
  133  9:05  Viking  
  136  9:13  Marine x2  
  137  9:17  Marine  
  137  9:20  Siege Tank  
  138  9:33  Viking  
  138  9:35  Viking  
  140  9:41  SCV x3  
  140  9:42  Barracks, Command Center  
  140  9:43  Barracks  
  143  9:46  Marine x5  
  143  9:51  Supply Depot  
  148  9:53  SCV  
  148  9:57  Siege Tank  
  152  10:03  SCV  
  152  10:09  Supply Depot  
  152  10:13  Viking x2  
  156  10:16  Command Center  
  156  10:17  SCV x3  
  156  10:21  Supply Depot  
  158  10:22  Supply Depot  
  154  10:32  Siege Tank  
  154  10:34  Barracks Reactor  
  154  10:35  Barracks Reactor  
  155  10:38  Marine x4  
  155  10:40  Factory  
  159  10:50  Viking x2  
  159  10:53  Orbital Command  
  163  10:57  SCV x2  
  163  10:58  SCV, Barracks Reactor  
  163  11:01  Marine x4  
  163  11:02  Refinery  
  167  11:06  Refinery, Sensor Tower  
  167  11:09  Siege Tank  
  170  11:11  Command Center  
  170  11:13  Sensor Tower  
  170  11:14  Marine x2  
  170  11:16  Terran Vehicle Weapons Level 2  
  174  11:19  Marine  
  174  11:25  SCV x2  
  178  11:28  SCV  
  178  11:30  Terran Infantry Armor Level 3, Terran Infantry Weapons Level 3  
  177  11:33  Barracks Reactor  
  177  11:34  Barracks Reactor x2  
  177  11:35  Armory  
  177  11:37  SCV  
  177  11:38  SCV x2  
  179  11:44  SCV  
  180  11:50  SCV x2  
  180  11:52  Viking  
  180  11:53  Viking  
  186  11:58  Command Center  
  186  12:03  Command Center  
  186  12:12  Starport  
  186  12:13  Starport  
  186  12:34  Viking  
  186  12:35  Viking  
  169  12:46  Siege Tank x2  
  169  12:51  Starport Tech Lab  
  165  12:52  Starport Tech Lab  
  164  13:04  Viking, Command Center  
  164  13:05  Terran Ship Weapons Level 1, Viking, Command Center  
  163  13:11  Raven  
  163  13:12  Raven  
  167  13:17  Missile Turret  
  167  13:26  Planetary Fortress  
  164  13:29  Starport  
  164  13:30  Starport  
  164  13:33  Refinery  
  163  13:34  Viking x2  
  163  13:36  Refinery  
  163  13:38  Marine x8  
  163  13:39  Marine, Siege Tank x2  
  163  13:40  Terran Vehicle And Ship Armor Level 1  
  182  13:52  Sensor Tower  
  182  13:54  Raven x2  
  182  13:55  Command Center  
  186  13:57  Marine x3, Command Center  
  187  14:04  Viking  
  187  14:05  Viking  
  191  14:10  Orbital Command  
  197  14:34  Viking  
  197  14:37  Neosteel Armor, Hi-Sec Auto Tracking  
  199  14:44  Viking x3  
  199  14:52  Planetary Fortress  
  199  14:59  Viking x3  
  200  15:00  Missile Turret  
  200  15:04  Missile Turret  
  196  15:09  Viking  
  196  15:12  Viking  
  200  15:17  Siege Tank x2  
  195  15:34  Raven x2  
  195  15:35  Viking x2  
  186  15:38  Marine  
  186  15:39  Marine x4  
  178  15:42  Marine  
  178  15:43  Marine  
  178  15:47  Viking  
  178  15:48  Viking x3, Marine  
  178  15:49  Siege Tank x2  
  192  15:56  Marine x5  
  193  16:00  Marine  
  187  16:05  Viking  
  187  16:09  Viking  
  188  16:13  Barracks Reactor x2  
  188  16:14  Marine x5  
  188  16:16  Terran Vehicle And Ship Armor Level 2, Terran Ship Weapons Level 2  
  188  16:17  Viking, Raven  
  188  16:18  Marine  
  195  16:20  Orbital Command  
  196  16:28  Viking x2  
  166  16:42  Viking x3  
  166  16:47  Raven  
  166  16:48  Orbital Command  
  166  16:53  Viking  
  160  16:59  Raven  
  158  17:10  Viking x2  
  158  17:13  Viking x3  
  158  17:15  Marine x2  
  170  17:23  Marine  
  171  17:30  Orbital Command  
  171  17:35  Raven  
  173  17:38  Marine x9  
  173  17:41  Marine  
  183  17:49  Siege Tank x2  
  186  18:01  Orbital Command  
  186  18:05  Marine x3  
  185  18:08  Marine  
  189  18:13  Marine  
  189  18:14  Marine x3  
  189  18:17  Marine  
  194  18:21  Siege Tank x2  
  189  18:40  Marine x3  
  189  18:41  Marine x7  
  197  18:53  Siege Tank x2  
  187  18:58  Marine x9  
  187  18:59  Marine  
  166  19:16  Marine x10  
  176  19:25  Siege Tank  
  176  19:26  Siege Tank  
  176  19:27  Raven  
  183  19:34  Marine x3  
  183  19:37  Viking, Raven  
  187  19:42  Orbital Command  
  187  19:48  Viking  
  163  20:00  Marine  
  163  20:01  Marine x4  
  163  20:05  Marine  
  157  20:10  Raven  
  157  20:11  Marine  
  157  20:12  Marine  
  135  20:14  Marine  
  129  20:23  Raven  
  129  20:27  Viking  
  127  20:38  Viking x2  
  104  20:57  Orbital Command  
  104  21:00  Refinery, Marine x6  
  104  21:01  Refinery, Marine  
  104  21:02  Marine  
  104  21:03  Marine  
  104  21:04  Marine  

Tags
 
Add a new tag
Caveats
  • Supply blocks, unpowered buildings, or Contaminate may cause inaccurate times.
  • Supply counts are checked every 10 seconds.